 Dungeon Crawl Stone Soup version 0.20.1-1-g8b1a95d (webtiles) character file.

681 empire the Chopper (level 7, 0/58 HPs)
             Began as a Minotaur Fighter on Oct 27, 2017.
             Was a Follower of Nemelex Xobeh.
             Killed from afar by Edmund (2 damage)
             ... with a wand of flame (?/48)
             ... on level 5 of the Dungeon.
             The game lasted 00:07:26 (3588 turns).

empire the Chopper (Minotaur Fighter)               Turns: 3588, Time: 00:07:28

Health: 0/58       AC: 13    Str: 23    XL:     7   Next: 34%
Magic:  7/7        EV:  3    Int:  5    God:    Nemelex Xobeh [*.....]
Gold:   137        SH: 15    Dex:  9    Spells: 6/6 levels left

rFire    . . .     SeeInvis .   a - +0 war axe
rCold    . . .     Gourm    .   q - +0 large shield
rNeg     . . .     Faith    .   h - +0 plate armour
rPois    .         Spirit   .   (helmet restricted)
rElec    .         Reflect  .   (no cloak)
rCorr    .         Harm     .   (no gloves)
MR       .....                  m - +0 pair of boots
Stlth    ..........             (no amulet)
Regen    0.2/turn               (no ring)
MPRegen  0.1/turn               (no ring)

@: no status effects
A: retaliatory headbutt, horns 2
a: Renounce Religion


You were on level 5 of the Dungeon.
You worshipped Nemelex Xobeh.
Nemelex Xobeh was aware of your devotion.
You were not hungry.

You visited 1 branch of the dungeon, and saw 5 of its levels.

You collected 137 gold pieces.

Inventory:

Hand Weapons
 a - a +0 war axe (weapon)
Armour
 c - a +0 shield
 h - a +0 plate armour (worn)
 m - a +0 pair of boots (worn)
 q - a +0 large shield (worn)
Wands
 u - a wand of iceblast (12/15)
Scrolls
 b - a scroll of fear {unknown}
 e - 2 scrolls of enchant armour {unknown}
 j - 5 scrolls of identify {unknown}
 n - a scroll of random uselessness {unknown}
 x - 2 scrolls of remove curse {unknown}
 y - a scroll of noise {unknown}
Potions
 d - a potion of might
 k - a potion of magic {unknown}
 l - 2 potions of haste
 o - a potion of lignification {unknown}
 p - a potion of resistance {unknown}
 r - 2 potions of heal wounds {unknown}
 s - 4 potions of curing {unknown}
 t - 2 potions of agility {unknown}
 v - a potion of cancellation {unknown}
 z - a potion of degeneration {unknown}
 B - a potion of invisibility {unknown}
Books
 A - a book of Maledictions

   Spells                             Type                      Level
   a - Corona                         Hexes                        1
   b - Ensorcelled Hibernation        Hexes/Ice                    2
   c - Confuse                        Hexes                        3
   d - Tukima's Dance                 Hexes                        3
   e - Dazzling Spray                 Conjuration/Hexes            3
 C - a book of Misfortune

   Spells                             Type                      Level
   a - Confusing Touch                Hexes                        1
   b - Confuse                        Hexes                        3
   c - Gell's Gravitas                Translocation                3
   d - Petrify                        Transmutation/Earth          4
   e - Metabolic Englaciation         Hexes/Ice                    5
   f - Yara's Violent Unravelling     Hexes/Transmutation          5
Miscellaneous
 w - a plain deck of summoning {drawn: 2}
 D - an ornate deck of escape
Comestibles
 f - a bread ration
 g - 2 meat rations
 i - 3 royal jellies


   Skills:
 - Level 3.9 Fighting
 * Level 7.0 Axes
 + Level 5.9 Armour
 - Level 1.0 Dodging
 + Level 5.1 Shields
 + Level 2.2 Invocations


You had 6 spell levels left.
You didn't know any spells.

Dungeon Overview and Level Annotations

Branches:
Dungeon (5/15)
 Temple: D:4-7

Altars:
Cheibriados
Nemelex Xobeh
Ru

Annotations:
D:5 Edmund


Innate Abilities, Weirdness & Mutations

You reflexively headbutt those who attack you in melee.
You have a pair of horns on your head.


Message History

Edmund the Younger comes into view.
He is wielding a dire flail of holy wrath.
Edmund shouts!
You slash the ogre!
The ogre is moderately wounded.
The ogre hits you with a giant club!
You slash the ogre!
The ogre is severely wounded.
The ogre hits you with a giant club! x2
* * * LOW HITPOINT WARNING * * *
You hit the ogre. You headbutt the ogre.
The ogre is almost dead.
The ogre hits you with a giant club!
* * * LOW HITPOINT WARNING * * *
You slash the ogre!
You kill the ogre!
Your life force feels restored.
Your Axes skill increases to level 7!
You hit Edmund.
Edmund zaps a wand.
The puff of flame hits you!
You die...
Your body disappears without a glow.

###### ###....#
#......####
#############.#.#.....##
.................(......
#####..#####.#.#.######
#.@# #.....# #...
#@)######.#### #.##
..$..........# #.#.
.............#.# #...
#.###..<..#####.# ###. #
#...... #...######.
##.##.#.#.......... ..#
.#.#.#........
#.########.


You could see Edmund.

Vanquished Creatures
  An ogre (D:5)
  2 scorpions
  2 orc priests
  A bullfrog skeleton (D:4)
  Terence (D:3)
  Natasha (thrice) (D:4)
  2 orc wizards
  A worker ant (D:4)
  9 adders
  3 oozes
  A worm (D:3)
  12 dart slugs
  4 leopard geckos
  14 orcs
  5 bats
  5 giant cockroaches
  10 goblins
  3 hobgoblins
  2 jackals (D:2)
  9 kobolds
  6 frilled lizards
  A quokka skeleton (D:4)
  7 rats
  16 bushes (D:4)
120 creatures vanquished.

Vanquished Creatures (collateral kills)
  An orc wizard (D:3)
  3 orcs (D:3)
4 creatures vanquished.

Grand Total: 124 creatures vanquished

Notes
Turn   | Place    | Note
-------+----------+-------------------------------------------
     0 | D:1      | empire the Minotaur Fighter began the quest for the Orb.
     0 | D:1      | Reached XP level 1. HP: 19/19 MP: 0/0
    13 | D:1      | Reached skill level 1 in Dodging
    13 | D:1      | Reached XP level 2. HP: 14/27 MP: 1/1
   345 | D:1      | Reached skill level 3 in Axes
   569 | D:1      | Reached XP level 3. HP: 33/33 MP: 2/2
  1021 | D:2      | Reached skill level 4 in Axes
  1071 | D:2      | Reached XP level 4. HP: 32/40 MP: 3/3
  1536 | D:3      | Reached skill level 5 in Axes
  1536 | D:3      | Reached XP level 5. HP: 43/46 MP: 4/4
  1678 | D:3      | Reached skill level 5 in Armour
  1691 | D:3      | Noticed Terence
  1693 | D:3      | Found a sparkling altar of Nemelex Xobeh.
  1700 | D:3      | Killed Terence
  1819 | D:3      | Became a worshipper of Nemelex Xobeh the Trickster
  1914 | D:3      | Received a gift from Nemelex Xobeh
  2108 | D:3      | Reached XP level 6. HP: 52/52 MP: 5/5
  2382 | D:4      | Found a snail-covered altar of Cheibriados.
  2434 | D:4      | Reached skill level 6 in Axes
  2434 | D:4      | Reached skill level 1 in Invocations
  2847 | D:4      | Reached skill level 5 in Shields
  2847 | D:4      | Reached XP level 7. HP: 58/58 MP: 7/7
  3214 | D:4      | Noticed Natasha
  3219 | D:4      | Killed Natasha
  3262 | D:4      | Found a sacrificial altar of Ru.
  3301 | D:4      | Noticed Natasha
  3312 | D:4      | Killed Natasha
  3461 | D:4      | Noticed Natasha
  3472 | D:4      | Killed Natasha
  3515 | D:5      | Entered Level 5 of the Dungeon
  3521 | D:5      | Reached * piety under Nemelex Xobeh
  3521 | D:5      | Received a gift from Nemelex Xobeh
  3584 | D:5      | Noticed Edmund
  3587 | D:5      | HP: 2/58 [ogre/giant club (12)]
  3588 | D:5      | Reached skill level 7 in Axes
  3588 | D:5      | Killed from afar by Edmund

Skill      XL: |  1  2  3  4  5  6  7 |
---------------+----------------------+-----
Dodging        | 1 |  1.0
Axes           | 3 4 5 6 7 |  7.0
Armour         | 4 5 |  5.9
Shields        | 4 5 |  5.1
Invocations    | 1 2 |  2.2
Fighting       | |  3.9

Action                   |  1- 3 |  4- 6 |  7- 9 || total
-------------------------+-------+-------+-------++-------
Melee: War axe           |   116 |   236 |   346 ||   698
       Headbutt          |    11 |    62 |   158 ||   231
Evoke: Deck              |       |     2 |       ||     2
  Eat: Chunk             |     1 |     6 |       ||     7
       Meat ration       |       |       |     1 ||     1
Armor: Scale mail        |     4 |       |       ||     4
       Plate armour      |    78 |    96 |    14 ||   188
Dodge: Dodged            |    34 |    12 |     2 ||    48
Block: Shield            |    73 |     6 |       ||    79
       Large shield      |       |   136 |    23 ||   159
